 Dungeon Crawl Stone Soup version 0.19.1 (webtiles) character file.

19 RKaid the Cudgeler (level 2, -6/18 HPs)
             Began as a Gargoyle Gladiator on Dec 19, 2016.
             Mangled by a gnoll
             ... wielding a +0 halberd
              (9 damage)
             ... on level 1 of the Dungeon.
             The game lasted 00:00:36 (336 turns).

RKaid the Cudgeler (Gargoyle Gladiator)              Turns: 336, Time: 00:00:37

Health: -6/18      AC:  6    Str: 18    XL:     2   Next: 75%
Magic:  2/2        EV: 12    Int:  8    God:
Gold:   5          SH:  0    Dex: 10    Spells: 0 memorised, 1 level left

rFire  . . .     SeeInvis .     a - +0 flail
rCold  . . .     Gourm    .     b - +0 leather armour
rNeg   + . .     Faith    .     (no shield)
rPois  ∞         Spirit   .     c - +0 helmet
rElec  +         Reflect  .     (no cloak)
rCorr  .         Harm     .     (no gloves)
MR     .....                    (no boots)
Stlth  +.........               (no amulet)
                                (no ring)
                                (no ring)

@: no status effects
A: negative energy resistance 1, electricity resistance, unbreathing,
petrification resistance, rot immunity, AC +2
a: no special abilities


You were on level 1 of the Dungeon.
You were not hungry.

You visited 1 branch of the dungeon, and saw 1 of its levels.

You collected 5 gold pieces.

Inventory:

Hand Weapons
 a - a +0 flail (weapon)
Missiles
 d - 3 throwing nets {=f}
Armour
 b - a +0 leather armour (worn)
 c - a +0 helmet (worn)
Scrolls
 e - a scroll of recharging {unknown}
 h - a scroll of identify {unknown}
 i - 2 scrolls of enchant armour {unknown}
 k - a scroll of magic mapping {unknown}
Potions
 g - a potion of berserk rage {unknown}
Comestibles
 f - a bread ration
 j - 3 chunks of flesh


   Skills:
 + Level 2.5 Fighting
 * Level 3.7 Maces & Flails
 - Level 1.7 Throwing
 - Level 2.4 Dodging


You had one spell level left.
You didn't know any spells.

Dungeon Overview and Level Annotations

Branches:
Dungeon (1/15)

Altars:


Innate Abilities, Weirdness & Mutations

You are resistant to torment.
Your stone body is resilient. (AC +2)
You are immune to poison.
You resist negative energy. (rN+)
You are resistant to electric shocks. (rElec)
You can survive without breathing.
You are immune to petrification.
You are immune to rotting.


Message History

The jackal bites you but does no damage.
The jackal misses you.
You hit the jackal. The jackal barely misses you.
The jackal bites you but does no damage.
You hit the jackal.
You kill the jackal!
You closely miss the kobold. The kobold hits you. The kobold misses you.
You thump the kobold!
You kill the kobold!
No target in view!
No target in view!
No target in view!
No target in view!
No target in view!
No target in view!
No target in view!
No target in view!
No target in view!
No target in view!
No target in view!
No target in view!
No target in view!
No target in view!
i - 2 scrolls labeled GUUNIPIUSY You butcher the jackal corpse.
j - a chunk of flesh You butcher the jackal corpse.
j - 2 chunks of flesh (gained 1)
A leopard gecko comes into view.
A leopard gecko is nearby!
A leopard gecko is nearby!
You barely miss the leopard gecko. The leopard gecko bites you.
You barely miss the leopard gecko. The leopard gecko closely misses you.
The leopard gecko bites you but does no damage.
You miss the leopard gecko. The leopard gecko bites you.
You are too injured to fight recklessly!
You closely miss the leopard gecko. The leopard gecko barely misses you.
The leopard gecko bites you.
You closely miss the leopard gecko.
The leopard gecko hisses menacingly.
The leopard gecko bites you but does no damage.
You sock the leopard gecko!
You kill the leopard gecko!
You start resting.
A bat comes into view.
You see here a leopard gecko corpse.
A bat is nearby!
A dart slug comes into view.
The bat closely misses you.
You closely miss the bat. The bat barely misses you.
The bat hits you but does no damage.
You closely miss the bat. The bat hits you. The bat barely misses you.
You barely miss the bat. The bat hits you but does no damage. x3
The dart slug launches a dart at you. The slug dart hits you!
You hit the bat.
You kill the bat!
The dart slug completely misses you.
You hit the dart slug but do no damage. The dart slug closely misses you.
You hit the dart slug but do no damage. The dart slug barely misses you.
You hit the dart slug but do no damage. You hit the dart slug but do no damage.
The dart slug launches a dart at you. The slug dart hits you!
You hit the dart slug. The dart slug launches a dart at you.
The slug dart hits you!
You are too injured to fight recklessly!
You are too injured to fight recklessly!
You are too injured to fight recklessly!
You are too injured to fight recklessly!
You are too injured to fight recklessly!
You are too injured to fight recklessly!
You sock the dart slug!
You kill the dart slug!
You see here a dart slug corpse.
You butcher the dart slug corpse.
j - 4 chunks of flesh (gained 2)
You butcher the bat corpse.
j - 5 chunks of flesh (gained 1)
You butcher the leopard gecko corpse.
j - 6 chunks of flesh (gained 1)
k - a scroll labeled WISOMA AHEH A giant cockroach comes into view.
A giant cockroach is nearby!
A giant cockroach is nearby!
A giant cockroach is nearby!
A gnoll comes into view. It is wielding a halberd.
Some of the chunks of flesh in your inventory have rotted away.
You hit the giant cockroach. The giant cockroach bites you.
The giant cockroach closely misses you.
You sock the giant cockroach!
You kill the giant cockroach!
The gnoll hits you with a halberd!
* * * LOW HITPOINT WARNING * * *
Your leather armour prevents you from hitting the gnoll.
The gnoll closely misses you.
You thump the gnoll! The gnoll hits you with a halberd!
Ouch! That really hurt!
You die...

#.....#####.≈#
####...## #.≈#
###..###.≈#
##..##.≈#
##.....≈≈
#......##
##########...##.#
#.g........### .#
#####@#######..##
# #.....#
#...###.##
....#####
#......... ..
##...##..##
##...## .# #..#.#
# ##.##..#
##..###.# ##.g##
.#


You could see a gnoll.

Vanquished Creatures
  An adder zombie (D:1)
  A dart slug (D:1)
  A leopard gecko (D:1)
  A bat zombie (D:1)
  A giant cockroach (D:1)
  4 jackals (D:1)
  A kobold (D:1)
  A bat (D:1)
11 creatures vanquished.

Notes
Turn   | Place    | Note
-------+----------+-------------------------------------------
     0 | D:1      | RKaid the Gargoyle Gladiator began the quest for the Orb.
     0 | D:1      | Reached XP level 1. HP: 12/12 MP: 1/1
    63 | D:1      | Reached XP level 2. HP: 18/18 MP: 2/2
   334 | D:1      | HP: 3/18 [gnoll/halberd (8)]
   336 | D:1      | Mangled by a gnoll

Action                   || total
-------------------------++-------
Melee: Flail             ||    50
Armor: Leather armour    ||    21
Dodge: Dodged            ||    30

Vault maps used:
D:1:      saegor_arrival_fortress

Table legend:
 A = Turns spent in this place as a percentage of turns spent in the entire game.
 B = Non-inter-level travel turns spent in this place as a percentage of non-inter-level travel turns spent in the entire game.
 C = Inter-level travel turns spent in this place as a percentage of turns spent in this place.
 D = Turns resting spent in this place as a percentage of non-inter-level travel turns spent in this place.
 E = Turns spent auto-exploring this place as a percentage of non-inter-level travel turns spent in this place.
 F = Non-inter-level travel turns spent in this place divided by the number of levels of this place that you've seen.
                   A       B       C       D       E      F
               +-------+-------+-------+-------+-------+----------------------
         Total | 100.0 | 100.0 |   0.0 |   1.5 |   9.8 | 132.0
       Dungeon | 100.0 | 100.0 |   0.0 |   1.5 |   9.8 | 132.0
               +-------+-------+-------+-------+-------+----------------------

Table legend:
 A = Kills in this place as a percentage of kills in entire the game.
 B = Kills by you in this place as a percentage of kills by you in the entire game.
 C = Kills by friends in this place as a percentage of kills by friends in the entire game.
 D = Other kills in this place as a percentage of other kills in the entire game.
 E = Experience gained in this place as a percentage of experience gained in the entire game.
 F = Experience gained in this place divided by the number of levels of this place that you have seen.
                   A       B       C       D       E      F
               +-------+-------+-------+-------+-------+----------------------
         Total | 100.0 | 100.0 |  -nan |  -nan | 100.0 |  28.0
       Dungeon | 100.0 | 100.0 |  -nan |  -nan | 100.0 |  28.0
               +-------+-------+-------+-------+-------+----------------------
